 Dungeon Crawl Stone Soup version 0.17.1-3-g152610e (webtiles) character file.

2263 juanjsm the Chopper (level 9, -1/78 HPs)
             Began as a Hill Orc Fighter on Apr 27, 2016.
             Was an Elder of Okawaru.
             Slain by a centaur skeleton (5 damage)
             ... on level 7 of the Dungeon.
             The game lasted 00:26:07 (4020 turns).

juanjsm the Chopper (Hill Orc Fighter)              Turns: 4020, Time: 00:26:07

Health: -1/78      AC: 14    Str: 22    XL:     9   Next: 38%
Magic:  10/12      EV:  7    Int:  8    God:    Okawaru [****..]
Gold:   371        SH: 10    Dex: 10    Spells: 0 memorised, 8 levels left

rFire  + . .     SeeInvis .     a - +0 war axe
rCold  + . .     Clarity  .     D - +0 chain mail
rNeg   . . .     SustAt   .     c - +0 shield
rPois  .         Gourm    .     w - +0 helmet
rElec  .         Spirit   .     l - +2 cloak
rCorr  .         Warding  .     (no gloves)
rMut   .         Stasis   .     (no boots)
MR     .....                    (no amulet)
Stlth  ..........               B - ring of protection from fire
                                z - ring of invisibility

@: very slightly contaminated, invisible, not resistant to hostile enchantments,
extremely unstealthy
A: cold resistance 1, slow regeneration 1, spit poison 1
a: Spit Poison, Heroism, Renounce Religion, Turn Visible


You were on level 7 of the Dungeon.
You worshipped Okawaru.
Okawaru was greatly pleased with you.
You were near starving.

You visited 2 branches of the dungeon, and saw 9 of its levels.

You collected 371 gold pieces.

Inventory:

Hand Weapons
 a - a +0 war axe (weapon)
 I - a +2 flail of protection
 M - a +0 shortbow
Missiles
 f - 9 tomahawks
 m - 174 arrows
 F - 3 exploding tomahawks (quivered)
Armour
 b - a +0 scale mail
 c - a +0 shield (worn)
 l - a +2 cloak (worn)
 w - a +0 helmet (worn)
 D - a +0 chain mail (worn)
Jewellery
 v - an uncursed ring of ice
 y - an uncursed ring of flight
 z - a ring of invisibility (left hand)
 B - a ring of protection from fire (right hand)
Wands
 A - a wand of flame (25)
 H - a wand of flame (10)
 O - a wand of frost (30)
 Q - a wand of flame (30)
Scrolls
 g - a scroll of teleportation
 n - 4 scrolls of random uselessness {unknown}
 o - 4 scrolls of fear {unknown}
 p - 10 scrolls of identify {unknown}
 x - a scroll of recharging {unknown}
 C - 4 scrolls of remove curse {unknown}
 E - 2 scrolls of immolation {unknown}
 K - 4 scrolls of noise {unknown}
 N - a scroll of fog {unknown}
Potions
 d - a potion of might
 k - a potion of brilliance {unknown}
 r - a potion of invisibility {unknown}
 s - a potion of agility {unknown}
 t - a potion of mutation
 G - a potion of poison {unknown}
 L - a potion of haste {unknown}
Comestibles
 e - 4 bread rations
 q - 2 beef jerkies
 u - 4 slices of pizza
 J - a meat ration


   Skills:
 + Level 6.8 Fighting
 + Level 7.9 Axes
 + Level 0.1 Throwing
 + Level 6.0 Armour
 + Level 3.1 Dodging
 + Level 0.5 Stealth
 + Level 6.9 Shields
 * Level 4.0 Invocations
 * Level 3.1 Evocations


You had 8 spell levels left.
You didn't know any spells.

Dungeon Overview and Level Annotations

Branches:
Dungeon (8/15)             Temple (1/1) D:4
   Lair: D:8-11

Altars:
Ashenzari
Dithmenos
Elyvilon
Fedhas
Gozag
Kikubaaqudgha
Makhleb
Okawaru
Qazlal
Sif Muna
Vehumet
Xom
Zin

Annotations:
D:3 exclusion: oklob plant
D:8 juanjsm's ghost, novice SpEn


Innate Abilities, Weirdness & Mutations

Your flesh is cold resistant.
You regenerate slowly when monsters are visible.
You can spit weak poison.


Message History

The adder bites you but does no damage.
You block the centaur skeleton's attack.
Found a scroll labeled XIRIECL GATENN.
You feel sick.
The centaur skeleton hits you but does no damage.
You feel sick.
You are no longer poisoned.
The centaur skeleton hits you.
* * * LOW HITPOINT WARNING * * *
Drink which item? (? for menu, Esc to quit)
Okay, then.
Read which item? (? for menu, Esc to quit)
Okay, then.
You fail to use your ability.
You block the centaur skeleton's attack.
You fade into invisibility!
You are very lightly contaminated with residual magic.
You are near starving!
The centaur skeleton hits you.
You die...

#.#
#########.#####.
............>....
##.###.s(...#...
#?###s#.##.#
#...S.#.# ...
#.#####.# #..
#####s# #.# ...
#..@ZS# #.# #.
####### ..


You could see a scorpion, an adder and a centaur skeleton.

Vanquished Creatures
  Eustachio (D:4)
  Edmund (D:4)
  The ghost of juanjsm the Skirmisher, an amateur GrFi of Okawaru (D:3)
  An orc warrior (D:8)
  4 centaurs
  A sky beast (D:6)
  3 ogres
  4 scorpions
  3 killer bees (D:8)
  2 crimson imps (D:5)
  An orc priest (D:8)
  2 giant frog zombies (D:5)
  A giant frog skeleton (D:6)
  A jelly (D:6)
  5 orc wizards
  2 iguanas
  Terence (D:3)
  3 hounds
  2 worker ants
  3 gnolls (D:6)
  9 adders
  An adder skeleton (D:6)
  An adder zombie (D:5)
  An ooze (D:6)
  A worm (D:2)
  2 giant geckos
  25 orcs
  7 bats
  4 giant cockroaches
  4 goblins
  3 hobgoblins
  7 jackals
  10 kobolds
  2 quokkas
  A ball python (D:1)
  4 giant newts
  A jackal zombie (D:4)
  A quokka zombie (D:6)
  5 rats
131 creatures vanquished.

Notes
Turn   | Place    | Note
--------------------------------------------------------------
     0 | D:1      | juanjsm the Hill Orc Fighter began the quest for the Orb.
     0 | D:1      | Reached XP level 1. HP: 19/19 MP: 1/1
   168 | D:1      | Reached XP level 2. HP: 10/27 MP: 2/2
   295 | D:1      | Reached skill level 4 in Fighting
   397 | D:2      | Found a shimmering altar of Xom.
   442 | D:2      | Reached XP level 3. HP: 12/33 MP: 3/3
   708 | D:2      | Reached XP level 4. HP: 29/40 MP: 4/4
   737 | D:2      | Reached skill level 1 in Dodging
  1010 | D:2      | Found an iron altar of Okawaru.
  1018 | D:2      | Became a worshipper of Warmaster Okawaru
  1233 | D:3      | Noticed juanjsm's ghost (amateur GrFi)
  1265 | D:4      | Reached XP level 5. HP: 16/47 MP: 5/5
  1475 | D:4      | Found a stormy altar of Qazlal.
  1510 | D:4      | Noticed Edmund
  1609 | D:3      | Found a radiant altar of Vehumet.
  1771 | D:3      | Reached XP level 6. HP: 33/53 MP: 6/6
  1847 | D:3      | Killed juanjsm's ghost
  1847 | D:3      | Reached * piety under Okawaru
  1847 | D:3      | Reached skill level 5 in Shields
  1861 | D:3      | Found a deep blue altar of Sif Muna.
  1895 | D:3      | Reached skill level 5 in Fighting
  1905 | D:3      | Noticed Terence
  1917 | D:3      | Killed Terence
  2239 | D:3      | Found a blossoming altar of Fedhas.
  2250 | D:3      | Noticed an oklob plant
  2332 | D:5      | Entered Level 5 of the Dungeon
  2419 | D:5      | Reached XP level 7. HP: 54/61 MP: 7/7
  2429 | D:5      | Reached skill level 5 in Axes
  2902 | D:4      | Found a staircase to the Ecumenical Temple.
  2909 | Temple   | Entered the Ecumenical Temple
  3055 | D:4      | Reached ** piety under Okawaru
  3064 | D:4      | Killed Edmund
  3064 | D:4      | Reached skill level 5 in Armour
  3064 | D:4      | Reached skill level 1 in Invocations
  3064 | D:4      | Reached XP level 8. HP: 63/70 MP: 8/8
  3153 | D:4      | Noticed Eustachio
  3160 | D:4      | Killed Eustachio
  3160 | D:4      | Reached skill level 6 in Axes
  3295 | D:6      | Reached *** piety under Okawaru
  3295 | D:6      | Reached skill level 1 in Evocations
  3394 | D:6      | Found a glowing silver altar of Zin.
  3567 | D:6      | Reached skill level 7 in Axes
  3628 | D:6      | Found an opulent altar of Gozag.
  3770 | D:6      | You fall through a shaft for 2 floors!
  3798 | D:8      | Reached XP level 9. HP: 49/78 MP: 11/11
  3905 | D:8      | Noticed juanjsm's ghost (novice SpEn)
  3934 | D:8      | Gained mutation: Your flesh is cold resistant. [potion of mutation]
  3934 | D:8      | Gained mutation: You regenerate slowly when monsters are visible. [potion of mutation]
  3934 | D:8      | Gained mutation: You can spit weak poison. [potion of mutation]
  3942 | D:8      | Reached **** piety under Okawaru
  4020 | D:7      | Slain by a centaur skeleton

Action                   |  1- 3 |  4- 6 |  7- 9 || total
-------------------------+-------+-------+-------++-------
Melee: War axe           |   110 |   224 |   224 ||   558
Throw: Tomahawk          |       |       |     3 ||     3
 Abil: Evoke Invisibilit |       |       |     1 ||     1
  Use: Potion            |     1 |     1 |    10 ||    12
       Scroll            |       |       |     1 ||     1
  Eat: Chunk             |       |     3 |     2 ||     5
       Fruit             |       |     5 |     1 ||     6
